 Dungeon Crawl Stone Soup version 0.23.0 (webtiles) character file.

Game seed: 17654054206771864354

3161 GotenAND the Cleaver (level 9, -2/78 HPs)
             Began as a Deep Dwarf Fighter on Feb 19, 2019.
             Was a Believer of Okawaru.
             Slain by a hog (9 damage)
             ... on level 8 of the Dungeon.
             The game lasted 00:12:32 (5369 turns).

GotenAND the Cleaver (Deep Dwarf Fighter)           Turns: 5369, Time: 00:12:32

Health: -2/78      AC: 12    Str: 24    XL:     9   Next: 62%
Magic:  7/7        EV: 14    Int:  8    God:    Okawaru [**....]
Gold:   252        SH: 11    Dex: 12    Spells: 15/15 levels left

rFire    . . .     SeeInvis .   a - +0 war axe
rCold    . . .     Gourm    .   c - +0 shield
rNeg     . . .     Faith    .   b - +0 scale mail
rPois    .         Spirit   .   (no helmet)
rElec    .         Reflect  .   g - +0 cloak
rCorr    .         Harm     .   s - +2 pair of gloves
MR       +....                  (no boots)
Stlth    ..........             l - amulet of inaccuracy (curse)
HPRegen  0.00/turn              e - +6 ring of evasion
MPRegen  0.10/turn              (no ring)

@: non-regenerating
A: damage resistance, heal wounds, sense surroundings 2, no regeneration
a: Heal Wounds, Heroism, Renounce Religion


You were on level 8 of the Dungeon.
You worshipped Okawaru.
Okawaru was pleased with you.
You were not hungry.

You visited 1 branch of the dungeon, and saw 8 of its levels.

You collected 252 gold pieces.

Inventory:

Hand Weapons
 a - a +0 war axe (weapon)
Armour
 b - a +0 scale mail (worn)
 c - a +0 shield (worn)
 g - a +0 cloak (worn)
 s - a +2 pair of gloves (worn)
Jewellery
 e - a +6 ring of evasion (left hand)
 l - a cursed amulet of inaccuracy (around neck)
Scrolls
 h - 5 scrolls of identify
 j - a scroll of teleportation
 k - 4 scrolls of enchant weapon
 o - a scroll of amnesia
Potions
 d - 2 potions of might
 n - a potion of curing
 p - 2 potions of berserk rage
 q - a potion of brilliance
Comestibles
 f - 4 rations


   Skills:
 + Level 4.3 Fighting
 * Level 9.5 Axes
 * Level 7.0 Armour
 * Level 8.0 Shields
 * Level 3.7 Spellcasting


You had 15 spell levels left.
You didn't know any spells.
Your spell library contained the following spells:

 Spells                   Type           Power        Failure   Level  Hunger
 Sandblast                Erth           #.....       86%         1    ##.....
 Passwall                 Tmut/Erth      #.......     94%         2    ###....
 Stone Arrow              Conj/Erth      #.....       99%         3    ####...
 Petrify                  Tmut/Erth      #.......     100%        4    #####..
 Lee's Rapid Deconstruct  Erth           #.........   100%        5    ######.


Dungeon Overview and Level Annotations

Branches:
Dungeon (8/15)             Temple (0/1) D:7            Lair (0/6) D:8

Altars:
Cheibriados
Hepliaklqana
Nemelex Xobeh
Okawaru
Qazlal

Shops:
D:4 =


Innate Abilities, Weirdness & Mutations

You are resistant to damage.
You can heal yourself by infusing magical energy.
You passively map the area around you.
You do not regenerate.


Message History

The hog is almost dead.
You slash the hog!
You kill the hog!
Okawaru accepts your kill.
Your Armour skill increases to level 7!
Your Shields skill increases to level 8!
The hog barely misses you.
You hit the hog.
The hog is almost dead.
The hog closely misses you. You block the hog's attack.
All of the chunks of flesh in your inventory have rotted away.
Unknown command.
You barely miss the hog.
The hog is almost dead.
You block the hog's attack.
Unknown command.
You closely miss the hog.
The hog is almost dead.
The hog bites you!
You die...

'##.###.##.##.<#.#
* .##.#
#.##.......# *,,,*
###.# #........###
, # #.# #.#####.##
###.###.......####
.....#########...##
#....# #.........#
.###.##
#.######'##### .*
##.###.#### #@h#..#
##.......# #).#..#
* #.##.##.# #..'..#
, #.##.# # #%.#.%#
.###..,, #%%#..# *
.# #### ####### , ,
.#* *, * #. * * **
#, * * ,,,


You could see a hog.

Vanquished Creatures
  A human (D:8)
  3 hogs (D:8)
  An ice beast (D:5)
  An orc warrior (D:7)
  7 ogres
  2 centaurs
  A necrophage (D:6)
  3 bullfrogs (D:6)
  A scorpion (D:7)
  4 killer bees (D:8)
  A howler monkey (D:4)
  2 crimson imps
  A bullfrog zombie (D:5)
  7 hounds
  A jelly (D:7)
  3 bullfrog skeletons
  4 orc priests
  5 orc wizards
  Crazy Yiuf (D:7)
  An iguana (D:4)
  Ijyb (D:5)
  3 worker ants
  A hound zombie (D:3)
  Robin (D:2)
  A worker ant zombie (D:7)
  11 adders
  A shadow imp (D:8)
  An ooze (D:1)
  An adder zombie (D:6)
  7 worms
  A dart slug (D:1)
  7 leopard geckos
  19 orcs
  10 bats
  4 giant cockroaches
  13 goblins
  14 hobgoblins
  11 jackals
  3 quokkas
  2 ball pythons (D:1)
  2 frilled lizards (D:1)
  4 kobolds
  A quokka skeleton (D:7)
  6 rats
175 creatures vanquished.

Notes
Turn   | Place    | Note
-------+----------+-------------------------------------------
     0 | D:1      | GotenAND the Deep Dwarf Fighter began the quest for the
                  | Orb.
     0 | D:1      | Reached XP level 1. HP: 20/20 MP: 1/1
    51 | D:1      | Reached XP level 2. HP: 27/27 MP: 2/2
   161 | D:1      | Reached XP level 3. HP: 29/33 MP: 3/3
   611 | D:2      | Reached skill level 3 in Axes
   721 | D:2      | Noticed Robin
   740 | D:2      | Killed Robin
   740 | D:2      | Reached XP level 4. HP: 33/42 MP: 4/4
  1010 | D:2      | Reached skill level 1 in Spellcasting
  1171 | D:2      | Found a sparkling altar of Nemelex Xobeh.
  1450 | D:3      | Reached XP level 5. HP: 46/49 MP: 4/4
  1646 | D:3      | Reached skill level 4 in Axes
  2453 | D:4      | Reached XP level 6. HP: 50/56 MP: 4/4
  2556 | D:4      | Found Syuc's Jewellery Shop.
  2720 | D:4      | Reached skill level 5 in Axes
  2814 | D:4      | Found a stormy altar of Qazlal.
  3133 | D:5      | Entered Level 5 of the Dungeon
  3134 | D:5      | Noticed Ijyb
  3151 | D:5      | Killed Ijyb
  3168 | D:5      | Reached XP level 7. HP: 40/62 MP: 5/5
  3176 | D:5      | Reached skill level 5 in Shields
  3220 | D:5      | Reached skill level 6 in Axes
  3349 | D:5      | Reached skill level 5 in Armour
  3730 | D:6      | Reached skill level 7 in Axes
  3730 | D:6      | Reached XP level 8. HP: 62/70 MP: 7/7
  3898 | D:6      | Found an iron altar of Okawaru.
  4019 | D:6      | Became a worshipper of Warmaster Okawaru
  4291 | D:7      | Reached skill level 8 in Axes
  4451 | D:7      | Reached * piety under Okawaru
  4515 | D:7      | Found a staircase to the Ecumenical Temple.
  4570 | D:7      | Found a snail-covered altar of Cheibriados.
  4583 | D:7      | Gained mutation: You passively map the area around you.
                  | [Deep Dwarf growth]
  4583 | D:7      | Reached XP level 9. HP: 64/78 MP: 6/6
  4698 | D:7      | Found a runed translucent door.
  4699 | D:7      | Noticed Crazy Yiuf
  4711 | D:7      | Killed Crazy Yiuf
  5068 | D:8      | Reached skill level 9 in Axes
  5111 | D:8      | Found a staircase to the Lair.
  5316 | D:8      | Found a hazy altar of Hepliaklqana.
  5357 | D:8      | Reached ** piety under Okawaru
  5369 | D:8      | Slain by a hog

Skill      XL: |  1  2  3  4  5  6  7  8  9 |
---------------+----------------------------+-----
Axes           | 3 4 5 7 8 9 |  9.5
Fighting       | 3 4 |  4.3
Spellcasting   | 1 2 3 |  3.7
Shields        | 4 5 6 8 |  8.0
Armour         | 4 5 6 7 |  7.0

Action                   |  1- 3 |  4- 6 |  7- 9 || total
-------------------------+-------+-------+-------++-------
Melee: War axe           |    99 |   243 |   474 ||   816
 Abil: Heal Wounds       |     1 |     7 |    17 ||    25
  Use: Potion            |       |     3 |     4 ||     7
       Scroll            |       |     2 |     6 ||     8
  Eat: Chunk             |       |     8 |     8 ||    16
Armor: Scale mail        |    77 |   124 |   176 ||   377
Dodge: Dodged            |    48 |    72 |   214 ||   334
Block: Shield            |    78 |   152 |   276 ||   506
